[Event "Early-Titled-Tuesday-Blitz-September-12-2023"]
[Site "Chess.com"]
[Date "2023.09.12"]
[Round "2"]
[White "Aygehovit1992"]
[Black "Superfelix"]
[Result "0-1"]
[WhiteElo "2718"]
[BlackElo "2438"]
[TimeControl "180+1"]
[EndTime "8:19:03 PDT"]
[Termination "Superfelix won on time"]

1. e4 c6 2. Nc3 g6 3. Nf3 d5 4. d4 dxe4 5. Nxe4 Nf6 6. Bd3 Bg7 7. Nxf6+ exf6 8. O-O O-O 9. h3 a5 10. Re1 Na6 11.
c3 Nc7 12. Bd2 a4 13. Qc1 a3 14. b3 Be6 15. Bh6 Nd5 16. Bxg7 Kxg7 17. Bf1 Re8 18. Qd2 Qd6 19. c4 Nc7 20. Re3 c5 21. d5 Bf5 22. Rae1 Rxe3 23. Rxe3 Re8 24. Rxe8 Nxe8 25. Qc1 Qa6 26. g4 Bd7 27. Ne1 Nd6 28. Nc2 Qa5 29. Qxa3 Qc3 30. Ne3 Ne4 31. Bg2 Qe1+ 32. Kh2 Qxf2 33.
Qc1 Nd2 34. Nc2 f5 35. Kh1 fxg4 36. Qe1 Qf4 37. hxg4 Bxg4 38. Ne3 Nf3 39. Bxf3 Bxf3+ 40. Kg1 Qh6 41. Qg3 Qxe3+ 42. Kh2 h5 43. d6 Qd2+ 44. Kg1 Qd1+ 45. Kf2 Bg4 46. Qe5+ Kh7 47. Qe7 Qd2+ 48.
Kg3 Qd3+ 49. Kh4 Qf3 50. d7 Bxd7 51. Qxd7 Kh6 52. Qd2+ Kh7 53. Qd7 Kg7 54. a4 b6 55.
a5 bxa5 56. b4 axb4 57. Qd4+ Qf6+ 0-1

[Event "Early-Titled-Tuesday-Blitz-September-12-2023"]
[Site "Chess.com"]
[Date "2023.09.12"]
[Round "2"]
[White "FuenfgegenWilly"]
[Black "noblerone"]
[Result "0-1"]
[WhiteElo "2348"]
[BlackElo "2537"]
[TimeControl "180+1"]
[EndTime "8:19:03 PDT"]
[Termination "noblerone won by resignation"]

1. d4 d5 2. c4 c6 3. Nf3 Nf6 4. e3 Bg4 5. Nbd2 e6 6. b3 Nbd7 7. Bd3 Bb4 8. O-O O-O 9. a3 Bd6 10. Bb2 e5 11. e4 exd4 12. Bxd4 Re8 13. Re1 Bf4 14. exd5 cxd5 15. Rxe8+ Qxe8 16. Nf1 Nf8 17. h3 Bh5 18. Bxf6 gxf6 19. cxd5 Rd8 20. g3 Bc7 21. N1d2 Bb6 22. Ne4 Nd7 23. g4 Bg6 24. Qc2 Rc8 25.
Qb1 Ne5 26. Nxe5 Qxe5 27. d6 Rd8 28. Ra2 Kg7 29. Re2 Bxe4 30. Bxe4 Qxd6 31. Kg2 Qd4 32. Bxh7 Rh8 33. Be4 Qc3 34. Qd3 Qc5 35. b4 Qg5 36. Qg3 Rd8 37. Bf5 Qc1 38. Qf3 Qd1 39. Kg3 Qd4 40. Re4 Qd6+ 41. Kg2 Bc7 42. Kf1 Qh2 43. Re1 Rd2 44. Qg2 Qf4 45. Kg1 Bb6 46. Rf1 Bd4 47.
Be4 Re2 48. Bxb7 a5 49. bxa5 Ra2 50. a6 Rxa3 51. Qf3 Rxf3 52. Bxf3 Qxf3 53. a7 Qg3+ 54.
Kh1 Qxh3+ 55. Kg1 Qxg4+ 56. Kh1 Bxa7 57. Rg1 Qxg1+ 58. Kxg1 Kg6 59. Kg2 Kf5 60. f3 Kf4 61.
Kf1 Kxf3 62. Ke1 Kg2 63. Ke2 f5 64. Kd3 f4 0-1

[Event "Early-Titled-Tuesday-Blitz-September-12-2023"]
[Site "Chess.com"]
[Date "2023.09.12"]
[Round "2"]
[White "zverr1"]
[Black "AndresDelgado77"]
[Result "1/2-1/2"]
[WhiteElo "2507"]
[BlackElo "2298"]
[TimeControl "180+1"]
[EndTime "8:19:03 PDT"]
[Termination "Game drawn - insufficient material"]

1. d4 Nf6 2. c4 c6 3. Nf3 d5 4. e3 a6 5. Nc3 b5 6. c5 Bg4 7. Be2 Bxf3 8. Bxf3 Nbd7 9. g4 h6 10. h4 e5 11. g5 hxg5 12. hxg5 Rxh1+ 13. Bxh1 exd4 14. exd4 Qe7+ 15. Qe2 Nh5 16. Bf3 Qxe2+ 17. Kxe2 g6 18. Bxh5 gxh5 19. Be3 Bg7 20. Rh1 Nxc5 21. dxc5 d4 22. Rxh5 dxc3 23. bxc3 Bxc3 24. Rh7 Kf8 25. g6 Bg7 26. Bh6 Re8+ 27. Kf3 Bxh6 28. Rh8+ Ke7 29. Rxh6 fxg6 30. Rxg6 Rf8+ 31. Ke3 Rf6 32. Rg7+ Ke6 33. Ra7 Kd5 34. Rxa6 Kxc5 35. Ra8 Kc4 36. f4 c5 37. Ke4 Kc3 38. Ke5 Rc6 39. Kd5 Rf6 40. Ke5 Rc6 41.
f5 c4 42. f6 Rc7 43. Rb8 b4 44. Kd6 Rf7 45. Ke6 Rxf6+ 46. Kxf6 b3 47. a4 b2 48. a5 Kc2 49. a6 c3 50. a7 b1=Q 51. Rxb1 Kxb1 52.
a8=Q c2 53. Qb7+ Ka1 54. Qa6+ Kb2 55. Qb5+ Ka1 56. Qa4+ Kb2 57. Qb4+ Ka1 58. Qc3+ Kb1 59. Qb3+ Ka1 60. Qa3+ Kb1 61. Qd3 Kb2 62. Qd2 Kb1 63.
Qd3 Kb2 64. Qd4+ Kb1 65. Qe4 Kb2 66. Qe2 Kb1 67. Qe4 Kb2 68. Qe5+ Kb1 69. Qb5+ Ka1 70. Qc5 Kb2 71. Qe5+ Kb1 72. Qf5 Kb2 73. Qf2 Kb1 74. Qb6+ Ka1 75. Qc6 Kb2 76. Qe4 c1=Q 77. Qe5+ Qc3 78.
Qxc3+ Kxc3 1/2-1/2

[Event "Early-Titled-Tuesday-Blitz-September-12-2023"]
[Site "Chess.com"]
[Date "2023.09.12"]
[Round "2"]
[White "Niilo1"]
[Black "GlavkonVVS"]
[Result "0-1"]
[WhiteElo "2272"]
[BlackElo "2566"]
[TimeControl "180+1"]
[EndTime "8:19:04 PDT"]
[Termination "GlavkonVVS won on time"]

1. e4 e5 2. Nf3 Nc6 3. Nc3 g6 4. Bb5 Nge7 5. O-O Bg7 6. Nd5 O-O 7.
Re1 d6 8. c3 a6 9. Bf1 h6 10.
d4 exd4 11. cxd4 Nxd5 12. exd5 Ne7 13. Qb3 b5 14. a4 Bb7 15. axb5 Bxd5 16. Qc3 axb5 17.
Rxa8 Bxa8 18. Bxb5 Nf5 19. Bc6 Bxc6 20. Qxc6 Nxd4 21.
Nxd4 Bxd4 22. Bxh6 Qh4 23. Be3 Bxb2 24. Qxc7 Be5 25. g3 Qh3 26. Rb1 Rc8 27. Qe7 Qe6 28. Qh4 Qf5 29. Rd1 Qf3 30. Qa4 Kg7 31. Rb1 Rc3 32. Qd1 Qxd1+ 33. Rxd1 Rc6 34. Kg2 f5 35. Kf3 Kf7 36. h4 Ke6 37. Ke2 d5 38. Rb1 d4 39.
Bd2 Kd5 40. Kd3 Bd6 41. Rb5+ Rc5 42. Rxc5+ Bxc5 43. f3 Bd6 44. g4 Be7 45. h5 gxh5 46.
gxh5 Bf6 47. h6 Ke6 48. Bc1 Kf7 49. Bb2 Kg6 50. h7 Kxh7 51. Bxd4 Bxd4 52. Kxd4 Kg6 53.
Ke5 Kg5 54. Kd4 Kf4 0-1

[Event "Early-Titled-Tuesday-Blitz-September-12-2023"]
[Site "Chess.com"]
[Date "2023.09.12"]
[Round "2"]
[White "Grossboss19"]
[Black "AlexandraSamaganova"]
[Result "1-0"]
[WhiteElo "2516"]
[BlackElo "2298"]
[TimeControl "180+1"]
[EndTime "8:19:04 PDT"]
[Termination "Grossboss19 won by resignation"]

1. d4 Nf6 2. c4 e6 3. Nf3 b6 4.
Nc3 Bb7 5. Nd2 c5 6. e3 cxd4 7.
exd4 d5 8. cxd5 Nxd5 9. Bb5+ Nd7 10.
O-O Bd6 11. Nde4 Be7 12. Qg4 g6 13. Qh3 O-O 14. Bh6 Re8 15. Rfe1 a6 16. Ba4 b5 17.
Bb3 N7f6 18. Ng5 Nf4 19. Qe3 Nxg2 20. Qxe6 fxe6 21. Bxe6+ Kh8 22. Nf7+ Kg8 23. Nxd8+ Kh8 24. Nf7+ Kg8 25. Nd6+ Kh8 26. Nxb7 Nxe1 27. Rxe1 Bf8 28.
Bg5 Bg7 29. Nd6 Rxe6 30. Rxe6 Nh5 31. Ne2 Rf8 32. Re8 h6 33. Rxf8+ Bxf8 34. Nf7+ Kh7 35. Be3 Bg7 36. Ne5 Nf6 37. f3 Nd5 38. Bd2 Ne7 39. Nd3 Nf5 40. Bc3 Nd6 41. b3 a5 42.
Bxa5 Nf5 43. Bb6 Nh4 44. Kf2 Nf5 45. Ne5 Ne7 46. Bc7 Nd5 47. Bd6 b4 48. Nd3 g5 49.
Be5 Bf8 50. f4 gxf4 51. Ndxf4 Nc3 52. Nxc3 bxc3 53. Nd3 Be7 54. Ke2 Bg5 55. Ne1 h5 56. d5 Kg6 57. Bxc3 Kf7 58. Nf3 Ke8 59. Nxg5 1-0

[Event "Early-Titled-Tuesday-Blitz-September-12-2023"]
[Site "Chess.com"]
[Date "2023.09.12"]
[Round "2"]
[White "BlitzWizard04"]
[Black "sergoy"]
[Result "1/2-1/2"]
[WhiteElo "2617"]
[BlackElo "2924"]
[TimeControl "180+1"]
[EndTime "8:19:06 PDT"]
[Termination "Game drawn - insufficient material"]

1. e4 c5 2. Nf3 d6 3. d4 cxd4 4.
Nxd4 Nf6 5. Bb5+ Nbd7 6. O-O a6 7. Bd3 e6 8. c4 Qc7 9. Nc3 Be7 10. f3 b6 11. Be3 Bb7 12. Rc1 O-O 13. b4 Rfe8 14.
Kh1 Rac8 15. Qe2 h5 16. a4 Qb8 17. Bf2 d5 18. cxd5 exd5 19. Bxa6 Bxb4 20. Na2 Bc5 21.
Bxb7 Qxb7 22. Nb5 dxe4 23. Bxc5 exf3 24. Qxf3 Qxf3 25. Rxf3 Rxc5 26. Rd1 Rce5 27. h3 Nc5 28. Nac3 Re1+ 29. Rxe1 Rxe1+ 30. Kh2 Nfe4 31. Nxe4 Nxe4 32. h4 Nc5 33. Nc3 Ra1 34. Rf4 Ra3 35. Rc4 f6 36. Nd5 Rxa4 37. Nxb6 Rxc4 38. Nxc4 Kf7 39. Kh3 Ne4 40. Nb2 Ke6 41. Nd3 Kf5 42. Nb4 Nc3 43. Nc2 Nd5 44. Nd4+ Ke4 45. Nc6 Kf4 46. Nd4 Ke5 47.
Nf3+ Ke4 48. Nd2+ Kf5 49. Nc4 Kf4 50. Nd6 Ne3 51. Ne8 Nf5 52. Nc7 Ke5 53. g4 Ne3 54.
gxh5 Kf5 55. Ne8 Ke6 56. Nxg7+ Kf7 57. h6 Kg6 58. Ne6 Kxh6 59. Nf4 Nf5 60. Nd5 Kg6 61. Nxf6 Kxf6 62. h5 Nh6 63. Kg3 Kg5 64. Kh3 Ng4 65. Kg3 Ne5 66. Kh3 Nd3 67. Kg3 Nf4 68. Kf3 Ng6 69. Kg3 Ne5 70. h6 Kg6 71. h7 Kg7 72. h8=Q+ Kxh8 1/2-1/2

[Event "Early-Titled-Tuesday-Blitz-September-12-2023"]
[Site "Chess.com"]
[Date "2023.09.12"]
[Round "2"]
[White "Byniolus"]
[Black "Lion-Al-Messi"]
[Result "0-1"]
[WhiteElo "2801"]
[BlackElo "2563"]
[TimeControl "180+1"]
[EndTime "8:19:07 PDT"]
[Termination "Lion-Al-Messi won by resignation"]

1. d4 d5 2. Bf4 Nf6 3. e3 c5 4. c3 Nc6 5. Nd2 cxd4 6. cxd4 Bf5 7. Ngf3 e6 8. Qb3 Qb6 9. Qxb6 axb6 10. Bb5 Nd7 11. Ke2 Be7 12. Rhc1 Rc8 13. a3 O-O 14. Rc3 Ndb8 15. Rac1 h6 16. Bxb8 Rxb8 17. Bxc6 bxc6 18. Ne5 c5 19. Nd7 c4 20. e4 Bg6 21. Nxb8 Rxb8 22. f3 b5 23. b4 Ra8 24. Ke3 Bd6 25. g3 f5 26. e5 Be7 27. f4 Bf7 28. Nb1 g5 29. R3c2 Kh7 30. Rg2 Bh5 31. Rf1 Bg4 32. Rgg1 Bh3 33. Re1 Rg8 34. Kd2 Ra8 35. Kc2 Bg4 36. Re3 h5 37. Kb2 h4 38. Nc3 Rb8 39. Kc2 Kg6 40. Rh1 Kf7 41. Kd2 Ke8 42. h3 Bh5 43. Rg1 hxg3 44. Rexg3 gxf4 45. Rg8+ Bf8 46. Rh8 Bf7 47. h4 Ke7 48. h5 Rb7 49. h6 f3 50.
Ke3 Rb8 51. Kxf3 Bh5+ 52. Kf4 Kf7 53. Rg5 Bg6 54. Ne2 Rd8 55. Ng3 Be7 56. Re8 Rxe8 57.
Rxg6 Kxg6 0-1

[Event "Early-Titled-Tuesday-Blitz-September-12-2023"]
[Site "Chess.com"]
[Date "2023.09.12"]
[Round "2"]
[White "Rakhmanov_Aleksandr"]
[Black "HATilay"]
[Result "1/2-1/2"]
[WhiteElo "2778"]
[BlackElo "2552"]
[TimeControl "180+1"]
[EndTime "8:19:07 PDT"]
[Termination "Game drawn by stalemate"]

1. d4 Nf6 2. c4 e6 3. Nc3 Bb4 4. e3 O-O 5. Bd3 d5 6. a3 Be7 7. Nf3 dxc4 8. Bxc4 a6 9. O-O b5 10. Be2 Bb7 11. a4 b4 12. Nb1 c5 13. a5 Nc6 14. dxc5 Bxc5 15. Qa4 Qc7 16. Nbd2 Ne5 17. Nxe5 Qxe5 18. Bf3 Bd6 19. g3 Bxf3 20. Nxf3 Qh5 21.
Kg2 Rac8 22. Bd2 Qd5 23. Rfd1 Qb7 24. Be1 Be7 25. Rd4 e5 26. Rh4 g5 27. Rxb4 Bxb4 28. Qxb4 Qc6 29. Qb6 e4 30. Nxg5 h6 31. Bc3 Qxb6 32.
axb6 Rxc3 33. bxc3 hxg5 34. Rxa6 Rb8 35. b7 Nd7 36. Ra8 Kg7 37. Rxb8 Nxb8 38. h4 g4 39. Kf1 Kf6 40. Ke2 Ke6 41. h5 Kf6 42. c4 Kg5 43.
Kd2 Kxh5 44. Kc3 Kg6 45. Kd4 Kf6 46. Kxe4 Ke6 47. Kf4 f5 48. c5 Nc6 49. e4 fxe4 50. Kxe4 Nb8 51. Kf4 Kd5 52. Kxg4 Kxc5 53. Kh5 Kc6 54.
g4 Kxb7 55. g5 Nd7 56. g6 Nf6+ 57. Kg5 Ng8 58. f4 Kc7 59. f5 Kd7 60. f6 Ke8 61. Kf5 Nxf6 62. Kxf6 Kf8 63. g7+ Kg8 64. Kg6 1/2-1/2

[Event "Early-Titled-Tuesday-Blitz-September-12-2023"]
[Site "Chess.com"]
[Date "2023.09.12"]
[Round "2"]
[White "GMAkobianSTL"]
[Black "MarijaKuznecova"]
[Result "1-0"]
[WhiteElo "2728"]
[BlackElo "2387"]
[TimeControl "180+1"]
[EndTime "8:19:07 PDT"]
[Termination "GMAkobianSTL won on time"]

1. d4 Nf6 2. c4 c5 3. d5 b5 4. cxb5 a6 5. b6 e6 6. Nc3 Nxd5 7. Nxd5 exd5 8. Qxd5 Nc6 9. Nf3 Rb8 10. e4 Be7 11.
Bc4 O-O 12. O-O Qxb6 13. Rd1 d6 14. b3 Be6 15. Qd3 Bf6 16. Rb1 Nb4 17. Qe2 Rfd8 18. Bg5 Bxg5 19. Nxg5 Bxc4 20. Qxc4 Qb7 21. Rd2 h6 22.
Nf3 Re8 23. Re1 Rbd8 24. h3 Re6 25. e5 Qe7 26. Rc1 dxe5 27. Rxd8+ Qxd8 28. a3 Nd3 29. Rd1 e4 30. Ne1 Qd4 31. Qxd4 cxd4 32. Nxd3 exd3 33. Rxd3 Re1+ 34. Kh2 Ra1 35. b4 Kf8 36. Kg3 Ke7 37. Kf4 Rf1 38. f3 Rg1 39. g4 Rh1 40.
Rxd4 Rxh3 41. Rd5 Rh1 42. Ra5 g5+ 43. Kg3 Rg1+ 44. Kf2 Rc1 45. Rxa6 Rc2+ 46. Kg3 f6 47. b5 Rb2 48. a4 Rb3 49. b6 Kf7 50. a5 Kg6 51.
Ra7 h5 52. gxh5+ Kxh5 53. b7 f5 54. a6 f4+ 55. Kh3 Rb1 56. Ra8 Rh1+ 57. Kg2 1-0

[Event "Early-Titled-Tuesday-Blitz-September-12-2023"]
[Site "Chess.com"]
[Date "2023.09.12"]
[Round "2"]
[White "VinzentSpitzl"]
[Black "ploxoi"]
[Result "0-1"]
[WhiteElo "2522"]
[BlackElo "2377"]
[TimeControl "180+1"]
[EndTime "8:19:07 PDT"]
[Termination "ploxoi won on time"]

1. e4 c5 2. Nf3 e6 3. g3 Nc6 4. Bg2 d5 5. exd5 Qxd5 6. Nc3 Qd8 7. O-O Nge7 8. d3 Nf5 9. Bf4 Be7 10. Re1 O-O 11. Ne5 Nxe5 12. Bxe5 f6 13. Bf4 Nd4 14. Ne2 e5 15. Be3 Qb6 16. c3 Nxe2+ 17. Qxe2 Re8 18. b4 Qc7 19. b5 Bf5 20. Qf3 Bxd3 21. Qxb7 Qxb7 22. Bxb7 Rab8 23. Bc6 Red8 24. a4 Kf7 25. Red1 Ke6 26. f3 g6 27. Kf2 f5 28.
Ra2 Bc4 29. Rad2 Rxd2+ 30. Rxd2 Bd6 31. h4 a6 32. Rb2 axb5 33. axb5 h5 34. f4 e4 35. b6 Bd5 36. Ba4 Ra8 37. Bb5 Bb7 38. Bc4+ Ke7 39. Ke2 Ra3 40. Kd2 Ra1 41. Ra2 Rxa2+ 42.
Bxa2 Bc6 43. Bc4 Bb7 44. Bb5 Kd8 45. Kc2 Be7 46. Kb3 Bd5+ 47. Bc4 Bc6 48. Bf7 Be8 49. Bxe8 Kxe8 50. Kc4 Kd7 51. Kd5 c4 52. Kxc4 Kc6 53.
Bd4 Bd8 54. Be3 Bxb6 55. Bxb6 Kxb6 56. Kd4 Kc6 57. c4 Kd6 0-1

[Event "Early-Titled-Tuesday-Blitz-September-12-2023"]
[Site "Chess.com"]
[Date "2023.09.12"]
[Round "2"]
[White "Akylbek2021"]
[Black "Defend1r"]
[Result "0-1"]
[WhiteElo "2316"]
[BlackElo "2527"]
[TimeControl "180+1"]
[EndTime "8:19:08 PDT"]
[Termination "Defend1r won by resignation"]

1. e4 c5 2. Nf3 d6 3. d4 cxd4 4. Qxd4 a6 5. c4 Nc6 6. Qd1 g6 7. Nc3 Bg7 8. Bd3 Nf6 9. O-O Bg4 10. h3 Bxf3 11. Qxf3 Ne5 12. Qe2 Nxd3 13. Qxd3 O-O 14. Be3 Rc8 15. Rad1 Nd7 16. b3 b5 17. Nd5 Ne5 18.
Qe2 bxc4 19. f4 Nd7 20. bxc4 e6 21. Nb4 Qa5 22. Rxd6 Qxb4 23. Rxd7 Rxc4 24. e5 Rfc8 25. Rfd1 Bf8 26. Rd8 Rc2 27. Qxa6 Qe4 28. Bf2 Qxf4 29. Qf1 Rxd8 30. Rxd8 Rc1 31. Be1 Qxf1+ 32. Kxf1 Kg7 33.
Ke2 Be7 34. Rd7 Bg5 35. a4 Rc2+ 36. Bd2 Ra2 37. Rd4 h5 38. g4 hxg4 39. hxg4 Bxd2 40. Rxd2 Rxa4 41. Kf3 Ra3+ 42. Kf4 Ra4+ 43. Kg5 Re4 44.
Rd7 Rxe5+ 45. Kf4 Re1 46. Rb7 Rf1+ 47. Ke5 g5 48. Rb4 Kg6 49. Rc4 Rf2 50. Rd4 Re2+ 51. Kd6 Kf6 52. Rc4 Rf2 53. Rd4 Rf4 54. Rd3 Rxg4 55.
Rf3+ Rf4 56. Rg3 Rd4+ 57. Kc5 Rd1 58. Rf3+ Kg6 59. Rg3 e5 60. Rf3 f5 61. Re3 e4 62. Rg3 g4 63. Rg2 Kg5 64. Kc4 f4 65. Ra2 e3 66. Ra5+ Kh4 67. Ra8 Kg3 68. Rg8 Kf3 69. Re8 g3 70. Kc3 g2 71. Rg8 Rd2 72. Rd8 Rxd8 0-1

[Event "Early-Titled-Tuesday-Blitz-September-12-2023"]
[Site "Chess.com"]
[Date "2023.09.12"]
[Round "2"]
[White "CFalcons8"]
[Black "MartinMatthiesen"]
[Result "0-1"]
[WhiteElo "2300"]
[BlackElo "2520"]
[TimeControl "180+1"]
[EndTime "8:19:08 PDT"]
[Termination "MartinMatthiesen won by resignation"]

1. e4 c6 2. d4 d5 3. Nc3 dxe4 4.
Nxe4 Bf5 5. Ng3 Bg6 6. h4 h6 7. Nf3 Nd7 8. h5 Bh7 9. Bd3 Bxd3 10. Qxd3 e6 11. Bf4 Qa5+ 12. Bd2 Bb4 13. c3 Be7 14. c4 Bb4 15. a3 Bxd2+ 16. Qxd2 Qxd2+ 17. Kxd2 Ngf6 18. Ne5 Rd8 19. Ke2 O-O 20. Rhd1 c5 21. Nxd7 Nxd7 22. d5 Nb6 23. dxe6 Rde8 24. b3 Rxe6+ 25.
Kf1 Rfe8 26. Nf5 Kh7 27. a4 g6 28. hxg6+ fxg6 29. Ne3 Rf8 30. Kg1 Rf7 31. a5 Nc8 32. Rd8 Nd6 33. Rd1 Ne4 34. R1d7 Ree7 35. Rxe7 Rxe7 36.
Nd5 Rf7 37. f3 Nd2 38. Nf6+ Rxf6 39. Rxd2 Rf7 40. Rd5 Rc7 41. Kf2 Kg7 42. Ke3 Kf6 43.
Rd6+ Kf7 44. Ke4 h5 45. Kf4 Re7 46. Rd5 b6 47. axb6 axb6 48. Kg5 Re2 49. Rd6 Rxg2+ 50. Kf4 g5+ 51. Kf5 h4 52. Rxb6 h3 53. Rb7+ Ke8 54.
Rb6 h2 55. Rh6 Kd7 56. Rh7+ Kc6 57. Rh6+ Kb7 58. f4 g4 59. Ke5 g3 60. Kd5 Rg1 61. Kxc5 h1=Q 0-1

[Event "Early-Titled-Tuesday-Blitz-September-12-2023"]
[Site "Chess.com"]
[Date "2023.09.12"]
[Round "2"]
[White "EvgenyBurmakin"]
[Black "iwanyu"]
[Result "0-1"]
[WhiteElo "2283"]
[BlackElo "2694"]
[TimeControl "180+1"]
[EndTime "8:19:09 PDT"]
[Termination "iwanyu won on time"]

1. e4 e5 2. Nf3 Nc6 3. Bb5 a6 4.
Ba4 d6 5. c3 Bd7 6. O-O g6 7.
d4 Bg7 8. Re1 Nf6 9. h3 O-O 10.
Bg5 h6 11. Be3 Nxe4 12. dxe5 dxe5 13. Nbd2 Nxd2 14. Qxd2 b5 15. Bb3 e4 16. Nd4 Nxd4 17. Bxd4 Bc6 18. Rad1 Qe7 19. Qe3 Rfd8 20. Bc5 Qe5 21. Bd4 Qf5 22. Bxg7 Kxg7 23. Qg3 Rxd1 24. Rxd1 Rc8 25. Rd4 a5 26. Bd1 Qf6 27. Bg4 Re8 28.
Qxc7 e3 29. fxe3 Rxe3 30. Rf4 Re1+ 31. Kf2 Qe7 32. Qxe7 Rxe7 33. Rd4 a4 34. a3 f5 35.
Be2 Re6 36. Bd3 Kf6 37. Rd8 Be8 38. Rb8 Re5 39. Be2 g5 40. Rb6+ Re6 41. Rb8 Re5 42.
c4 bxc4 43. Bxc4 Bd7 44. Rf8+ Kg6 45. Rg8+ Kf6 46. Rf8+ Kg6 47. Rg8+ Kh7 48. Rf8 Bc6 49. Rf7+ Kg6 50. Rc7 Be4 51. Bf7+ Kf6 52. Bc4 Ra5 53. Rh7 Rc5 54. Be2 Rc2 55. Rxh6+ Ke5 56. Rb6 Bd3 57.
Ke3 Bxe2 58. Rb8 f4+ 59. Kf2 Bc4+ 60. Ke1 Bb3 0-1

[Event "Early-Titled-Tuesday-Blitz-September-12-2023"]
[Site "Chess.com"]
[Date "2023.09.12"]
[Round "2"]
[White "Grandmaster1369"]
[Black "Alexandr_Predke"]
[Result "0-1"]
[WhiteElo "2562"]
[BlackElo "2871"]
[TimeControl "180+1"]
[EndTime "8:19:10 PDT"]
[Termination "Alexandr_Predke won on time"]

1. e4 c5 2. Nc3 Nc6 3. f4 g6 4. Nf3 Bg7 5. Bb5 Nd4 6. O-O a6 7. Bc4 e6 8. d3 b5 9. Bb3 Ne7 10. Nxd4 cxd4 11. Ne2 f5 12. e5 Qb6 13. Qe1 Bb7 14. Qf2 Nc6 15. c3 d6 16. Nxd4 Nxd4 17. cxd4 d5 18. Bd2 Bf8 19. Rfc1 Be7 20. a3 a5 21. Rc5 Bxc5 22. dxc5 Qc6 23. d4 O-O 24. Qh4 b4 25. a4 Ba6 26. Bd1 Bd3 27. b3 Be4 28. Be2 Bc2 29. Bb5 Qc7 30. Qg3 Kh8 31. Rc1 Be4 32. c6 Ra7 33. Rc5 Qe7 34. h4 Rg8 35.
Qg5 Qf7 36. Qf6+ Qxf6 37. exf6 Rc7 38. Ba6 Ra8 39. Bb7 Ra7 40. h5 Kg8 41. hxg6 hxg6 42. Be1 Kf7 43. Bh4 Bd3 44. Kf2 Be4 45. g3 Bb1 46. g4 fxg4 47. Kg3 Ba2 48. Kxg4 Bxb3 49. Kg5 Bxa4 50. Rc1 Bxc6 51. Bxc6 b3 52. Rb1 Rxc6 53.
Rxb3 a4 54. Ra3 Rc4 55. Bf2 Rc2 56. Rh3 Kg8 57. Be1 a3 58. Kxg6 Rg2+ 59. Kh6 a2 0-1

[Event "Early-Titled-Tuesday-Blitz-September-12-2023"]
[Site "Chess.com"]
[Date "2023.09.12"]
[Round "2"]
[White "MasterKroket"]
[Black "Fy_Rakotomaharo"]
[Result "1-0"]
[WhiteElo "2411"]
[BlackElo "2707"]
[TimeControl "180+1"]
[EndTime "8:19:14 PDT"]
[Termination "MasterKroket won on time"]

1. e4 d6 2. d4 Nf6 3. Nc3 c6 4. a4 g6 5. h3 Bg7 6. Be3 O-O 7.
Bd3 e5 8. Nge2 Na6 9. Bxa6 bxa6 10. dxe5 dxe5 11. Qxd8 Rxd8 12. a5 Be6 13. b3 Bf8 14.
Ra4 Nd7 15. O-O Nc5 16. Raa1 f5 17. f3 f4 18. Bf2 Rd2 19. Rfc1 g5 20. Be1 Rdd8 21.
Na4 h5 22. Bc3 Nxa4 23. Rxa4 Bc5+ 24. Kf1 Be3 25. Rca1 g4 26. hxg4 hxg4 27. Bxe5 gxf3 28.
Nxf4 fxg2+ 29. Kxg2 Bg4 30. Rc4 Rd2+ 31. Kg3 Bd7 32.
Nd3 Kf7 33. Rf1+ Kg6 34. Bf4 Bxf4+ 35. Rxf4 Kh5 36. Rc5+ Kh6 37. Ne5 Rg8+ 38. Kf3 Be8 39. Ng4+ Kg7 40. Rg5+ Kh8 41. Rxg8+ Kxg8 42. Nf6+ Kf8 43.
Nd5+ Kg7 44. Ne3 Bh5+ 45. Kg3 Re2 46. Nc4 Rxc2 47. Rf5 Bg6 48. Re5 Rc3+ 49. Kf4 Rxb3 50. Re7+ Kh6 51. Rxa7 Rb4 52. Nd6 Rb1 53. Rxa6 Rf1+ 54.
Ke5 c5 55. Rc6 Rc1 56. a6 Ra1 57. Nc4 Kg5 58. Kd5 Rd1+ 59. Kxc5 Bxe4 60. Rd6 Rc1 61. a7 Ra1 62. Kb6 Bf3 63. Na5 Rb1+ 64. Kc7 Ra1 65. Ra6 Be2 66. a8=Q Bxa6 67. Qxa6 Rc1+ 68. Nc6 1-0

[Event "Early-Titled-Tuesday-Blitz-September-12-2023"]
[Site "Chess.com"]
[Date "2023.09.12"]
[Round "2"]
[White "Raskolnikov6"]
[Black "Let_it_be_1"]
[Result "1-0"]
[WhiteElo "2274"]
[BlackElo "2671"]
[TimeControl "180+1"]
[EndTime "8:19:14 PDT"]
[Termination "Raskolnikov6 won by resignation"]

1. d4 d5 2. c4 e6 3. Nc3 Be7 4. cxd5 exd5 5. Bf4 c6 6. e3 Bf5 7. g4 Be6 8. Bd3 h5 9. gxh5 Nd7 10. Nge2 Ndf6 11. Ng3 Bg4 12. Be2 Bxe2 13. Qxe2 Nh6 14. O-O-O Qd7 15. e4 dxe4 16. Ncxe4 O-O-O 17. Nc5 Qg4 18.
Qxe7 Qxf4+ 19. Kb1 Qc7 20. Rhe1 Rhe8 21. Qxc7+ Kxc7 22. Rxe8 Rxe8 23. Kc2 Nhg4 24. Nd3 Nxh2 25. Ne5 Nhg4 26.
Nxf7 Nxf2 27. Rd2 N2g4 28. Ng5 Re3 29. Nf5 Rg3 30. Nxg3 Nd5 31. N5e4 Nf4 32. a3 b6 33. Nf5 Kd7 34. Nxg7 Ne3+ 35. Kb1 Ng4 36. Nf5 Ke6 37. Nfg3 Kd5 38. Rd1 Nh6 39. Rf1 Nxh5 40. Nxh5 Kxe4 41. Nf6+ Kxd4 42. Nd7 Ng4 43. Nb8 Ne3 44. Rf7 Nc4 45.
Rxa7 c5 46. Nc6+ Kd3 47. Ne7 Nd2+ 48. Ka2 c4 49. Rd7+ Kc2 50. Rxd2+ Kxd2 51. Nc6 b5 52. Nb4 c3 53. bxc3 Kxc3 54. Nd5+ Kc4 55. Nc7 b4 56. a4 b3+ 57. Ka3 Kc3 58. Nb5+ Kc4 59. Nd6+ Kd5 60. Nf5 Kc4 61. Ne3+ Kc3 62. Nd1+ Kc2 63. Nb2 Kc3 64. a5 Kd4 65. Kb4 Kd5 66. Kb5 Kd4 67. a6 Kc3 68. Na4+ Kc2 69. a7 1-0

[Event "Early-Titled-Tuesday-Blitz-September-12-2023"]
[Site "Chess.com"]
[Date "2023.09.12"]
[Round "2"]
[White "Forge13"]
[Black "Polish_fighter3000"]
[Result "0-1"]
[WhiteElo "2641"]
[BlackElo "3063"]
[TimeControl "180+1"]
[EndTime "8:19:15 PDT"]
[Termination "Polish_fighter3000 won by resignation"]

1. e4 e6 2. Qe2 g6 3. d4 Bg7 4.
c3 b6 5. h4 Ba6 6. Qf3 Bxf1 7.
Kxf1 c5 8. Ne2 Nc6 9. e5 h5 10.
Bg5 Nge7 11. Nd2 cxd4 12. cxd4 d5 13. Bf6 Bxf6 14. Qxf6 O-O 15. Qf4 Nf5 16. Nf3 Rc8 17. g4 hxg4 18. Qxg4 Kg7 19. h5 Rh8 20. Rg1 Nce7 21.
Nf4 Qe8 22. a4 Rc2 23. Qg5 Rh6 24. Qf6+ Kg8 25. Ng5 Ng7 26. hxg6 Nxg6 27. Nf3 b5 28.
Nxg6 Rxg6 29. Rxg6 fxg6 30. Ng5 bxa4 31. Rxa4 Rc7 32. Ra3 Re7 33. Rh3 Nh5 34. Qf3 Qf8 35. Qg4 Qf5 36. Qxf5 exf5 37. Rc3 Nf4 38. Rc6 Rb7 39.
Ne6 Nxe6 40. Rxe6 Kg7 41. Ra6 Kh6 42. Kg2 Kg5 43. Kg3 f4+ 44. Kg2 Kf5 45. f3 Rxb2+ 46. Kg1 Rb7 47. Kg2 Rb4 48. Rxa7 Rxd4 49. Re7 Rd2+ 50.
Kf1 Rd3 51. Kf2 Re3 52. Rf7+ Kxe5 53. Rf8 g5 54. Re8+ Kf5 55. Rf8+ Kg6 56. Rg8+ Kf6 57. Rf8+ Ke6 58. Rg8 Re5 59. Re8+ Kd6 60. Rc8 d4 61.
Kf1 Kd5 62. Kf2 d3 63. Rd8+ Kc4 64. Rc8+ Kd4 0-1

[Event "Early-Titled-Tuesday-Blitz-September-12-2023"]
[Site "Chess.com"]
[Date "2023.09.12"]
[Round "2"]
[White "MikeSailer"]
[Black "GP9isback23"]
[Result "0-1"]
[WhiteElo "2172"]
[BlackElo "2679"]
[TimeControl "180+1"]
[EndTime "8:19:15 PDT"]
[Termination "GP9isback23 won on time"]

1. d4 Nf6 2. Nc3 d5 3. Bf4 c6 4.
Nf3 g6 5. Ne5 Bg7 6. e3 Nbd7 7.
Be2 O-O 8. h4 h5 9. f3 Nxe5 10.
Bxe5 Nd7 11. Bxg7 Kxg7 12. Qd2 Nf6 13. O-O-O Rh8 14. e4 e6 15. e5 Nd7 16. g4 Qe7 17. gxh5 Rxh5 18. Qe1 Kf8 19. f4 Rh8 20. h5 gxh5 21.
Bxh5 Rg8 22. Qf2 Rh8 23. f5 exf5 24. Qxf5 Qe6 25. Qxe6 fxe6 26. Rdf1+ Ke7 27. Bg4 Rxh1 28. Rxh1 Nf8 29. Ne2 Bd7 30. Nf4 Be8 31. Rh8 Bf7 32. Kd2 Re8 33. Ke3 Ng6 34. Rxe8+ Kxe8 35. Nxe6 Ke7 36. Nf4 Nf8 37. c3 Be8 38. Bc8 b6 39. Bb7 Nh7 40. Bc8 Ng5 41. Bg4 Ne4 42. Ne2 Ng5 43. Kf4 Nf7 44. Bf5 Nd8 45. Ng3 Bf7 46. Kg5 Be8 47. Nh5 c5 48. Nf6 Bc6 49. a3 a5 50. Bc8 a4 51. Bf5 Nf7+ 52. Kg6 Nd8 53.
Bc2 cxd4 54. cxd4 Bb5 55. Ng4 Bc6 56. Ne3 Ne6 57. Nd1 Nxd4 58. Bd3 Ne6 59. Nc3 Nf4+ 60.
Kf5 Nxd3 0-1